[Event "*** SCC Grand Prix: Titled Tuesday Blitz"]
[Site "Chess.com"]
[Date "2020.10.13"]
[Round "10"]
[White "K_A_S_T_O_R"]
[Black "valeriocarnicelli"]
[Result "1-0"]
[WhiteElo "2724"]
[BlackElo "2573"]
[TimeControl "180+1"]
[EndTime "11:49:36 PDT"]
[Termination "K_A_S_T_O_R won by resignation"]

1. e4 c5 2. Nf3 Nc6 3. Bb5 g6 4. c3 Bg7 5. d4 cxd4 6. cxd4 Qb6 7. Nc3 Nxd4 8. Nd5 Nxf3+ 9. Qxf3 Qd8 10. Bf4 e5 11.
Be3 Nf6 12. Bg5 Qa5+ 13. b4 Qa3 14. Qxa3 1-0

[Event "*** SCC Grand Prix: Titled Tuesday Blitz"]
[Site "Chess.com"]
[Date "2020.10.13"]
[Round "10"]
[White "AttilaTurzo"]
[Black "kingnb"]
[Result "0-1"]
[WhiteElo "2391"]
[BlackElo "2601"]
[TimeControl "180+1"]
[EndTime "11:49:46 PDT"]
[Termination "kingnb won by resignation"]

1. d4 d6 2. e4 Nf6 3. Nc3 e5 4. Nf3 exd4 5. Nxd4 Be7 6. Bf4 O-O 7. Qd2 Re8 8.
O-O-O a6 9. f3 Nbd7 10. g4 Ne5 11. g5 Nh5 12. Be3 c5 13. Nf5 Bxf5 14. exf5 Nxf3 15. Qf2 Bxg5 16. Bxg5 Qxg5+ 17. Kb1 Qe3 18. Qh4 Nxh4 0-1

[Event "*** SCC Grand Prix: Titled Tuesday Blitz"]
[Site "Chess.com"]
[Date "2020.10.13"]
[Round "10"]
[White "kidagent"]
[Black "Inga83"]
[Result "0-1"]
[WhiteElo "2285"]
[BlackElo "2407"]
[TimeControl "180+1"]
[EndTime "11:49:55 PDT"]
[Termination "Inga83 won by resignation"]

1. e4 c6 2. d4 d5 3. Nd2 dxe4 4. Nxe4 Nf6 5. Nxf6+ exf6 6. c3 Bd6 7. Qc2 O-O 8.
Bd3 h6 9. Ne2 Qc7 10. Be3 c5 11. O-O-O c4 12. Be4 Qa5 13. Kb1 f5 14. Bf3 Nc6 15.
h3 Re8 16. g4 Bd7 17. gxf5 Bxf5 0-1

[Event "*** SCC Grand Prix: Titled Tuesday Blitz"]
[Site "Chess.com"]
[Date "2020.10.13"]
[Round "10"]
[White "vovachesss"]
[Black "JoakimVonAnd"]
[Result "1-0"]
[WhiteElo "2674"]
[BlackElo "2491"]
[TimeControl "180+1"]
[EndTime "11:50:02 PDT"]
[Termination "vovachesss won by resignation"]

1. e4 c6 2. d4 d5 3. e5 Bf5 4.
h4 h5 5. c4 e6 6. Nc3 Ne7 7.
Nge2 Nd7 8. Ng3 Bg6 9. Bg5 dxc4 10. Nge4 Qc7 11. Nd6+ Kd8 12. Bxc4 Qb6 13. Bd3 Bxd3 14. Qxd3 f6 15. Nf7+ Kc7 16. exf6 gxf6 17. Bf4+ e5 18. dxe5 f5 19. e6+ 1-0

[Event "*** SCC Grand Prix: Titled Tuesday Blitz"]
[Site "Chess.com"]
[Date "2020.10.13"]
[Round "10"]
[White "1977Ivan"]
[Black "Natalya_Buksa"]
[Result "1-0"]
[WhiteElo "2692"]
[BlackElo "2521"]
[TimeControl "180+1"]
[EndTime "11:50:54 PDT"]
[Termination "1977Ivan won by resignation"]

1. c4 e6 2. Nf3 d5 3. e3 Nf6 4.
b3 Be7 5. Bb2 O-O 6. Rg1 c5 7.
g4 Nc6 8. g5 Ne4 9. h4 d4 10. d3 Nd6 11. exd4 Nxd4 12. Nxd4 cxd4 13. Bxd4 Nf5 14. Bb2 Nxh4 15. Nc3 b6 16. Qh5 Bxg5 17. Ne4 g6 18. Rxg5 Nf5 19. Nf6+ 1-0

[Event "*** SCC Grand Prix: Titled Tuesday Blitz"]
[Site "Chess.com"]
[Date "2020.10.13"]
[Round "10"]
[White "Bigfish1995"]
[Black "Anton_Demchenko"]
[Result "0-1"]
[WhiteElo "3068"]
[BlackElo "2835"]
[TimeControl "180+1"]
[EndTime "11:51:10 PDT"]
[Termination "Anton_Demchenko won by checkmate"]

1. d4 Nf6 2. Bg5 g6 3. Nd2 Bg7 4. e4 d6 5. c3 h6 6. Bh4 O-O 7. Ngf3 c5 8. dxc5 dxc5 9. Qc2 Nc6 10. Bc4 Nh5 11. O-O-O Qc7 12. h3 Nf4 13. Bg3 Rb8 14.
Bd5 Na5 15. Nc4 Nxc4 16. Bxc4 b5 17. Bf1 b4 18. Bc4 bxc3 19. bxc3 Be6 20. Nd2 Be5 21.
Bxe6 Ne2# 0-1

[Event "*** SCC Grand Prix: Titled Tuesday Blitz"]
[Site "Chess.com"]
[Date "2020.10.13"]
[Round "10"]
[White "szachuspl"]
[Black "orestn"]
[Result "1-0"]
[WhiteElo "2531"]
[BlackElo "2285"]
[TimeControl "180+1"]
[EndTime "11:51:15 PDT"]
[Termination "szachuspl won by resignation"]

1. e4 e5 2. d4 exd4 3. c3 dxc3 4. Bc4 cxb2 5. Bxb2 d6 6. Nf3 Nc6 7. O-O Nh6 8. Re1 f6 9. Nc3 Nf7 10. Nd5 Nfe5 11. Bb3 g6 12. Nxe5 fxe5 13. f4 Bg7 14. Rc1 Rf8 15. f5 Rf7 16. Ne3 Nd4 17. Bxf7+ Kxf7 18. Bxd4 exd4 19. Qb3+ Kf8 20. fxg6 hxg6 21. Rf1+ Bf6 22.
Nd5 1-0

[Event "*** SCC Grand Prix: Titled Tuesday Blitz"]
[Site "Chess.com"]
[Date "2020.10.13"]
[Round "10"]
[White "realmadridtv"]
[Black "MariaFominykh"]
[Result "0-1"]
[WhiteElo "2400"]
[BlackElo "2313"]
[TimeControl "180+1"]
[EndTime "11:51:42 PDT"]
[Termination "MariaFominykh won by resignation"]

1. e4 e6 2. d4 d5 3. Nc3 Nf6 4. Bg5 dxe4 5. Nxe4 Be7 6. Bxf6 gxf6 7. Nf3 f5 8. Ned2 Nd7 9. c3 a6 10. g3 b5 11. Bg2 Bb7 12. O-O O-O 13. a4 c5 14.
Qe2 Qb6 15. Ra2 Bd5 16. c4 bxc4 17. Nxc4 Qb3 18. Nce5 Nxe5 19. Ra3 Nxf3+ 20. Bxf3 Bxf3 21. Qe5 Qb7 22. d5 Qxd5 0-1

[Event "*** SCC Grand Prix: Titled Tuesday Blitz"]
[Site "Chess.com"]
[Date "2020.10.13"]
[Round "10"]
[White "MatyChess1"]
[Black "grunbergmihai"]
[Result "1-0"]
[WhiteElo "2573"]
[BlackElo "2439"]
[TimeControl "180+1"]
[EndTime "11:51:46 PDT"]
[Termination "MatyChess1 won by resignation"]

1. e4 Nf6 2. e5 Nd5 3. d4 d6 4.
Nf3 dxe5 5. Nxe5 c6 6. Be2 Nd7 7. Nf3 g6 8. O-O Bg7 9. c4 Nc7 10. Nc3 O-O 11. Be3 e5 12. Re1 exd4 13. Bxd4 Nf6 14. Qb3 Ne6 15. Be5 Nc5 16. Qa3 Nfe4 17. Rad1 Qb6 18. Bxg7 Kxg7 19. b4 1-0

[Event "*** SCC Grand Prix: Titled Tuesday Blitz"]
[Site "Chess.com"]
[Date "2020.10.13"]
[Round "10"]
[White "GiantThresher"]
[Black "AlexTriapishko"]
[Result "0-1"]
[WhiteElo "2851"]
[BlackElo "2817"]
[TimeControl "180+1"]
[EndTime "11:52:06 PDT"]
[Termination "AlexTriapishko won by resignation"]

1. e4 c6 2. d4 d5 3. e5 Bf5 4. h4 h5 5. Bd3 Bxd3 6. Qxd3 Qa5+ 7. Nd2 e6 8. Ne2 Nh6 9. O-O Nf5 10. g3 c5 11. c4 Qa6 12. Qf3 Nc6 13. cxd5 Ncxd4 14. Nxd4 Nxd4 15. Qe4 exd5 16. Qxd5 Rd8 17. Qe4 Ne2+ 18. Kh2 Nxc1 19. Nc4 Rd4 20. Qf5 Qxc4 0-1

[Event "*** SCC Grand Prix: Titled Tuesday Blitz"]
[Site "Chess.com"]
[Date "2020.10.13"]
[Round "10"]
[White "Lion-Al-Messi"]
[Black "Tenamu"]
[Result "1-0"]
[WhiteElo "2548"]
[BlackElo "2389"]
[TimeControl "180+1"]
[EndTime "11:52:09 PDT"]
[Termination "Lion-Al-Messi won by resignation"]

1. e4 e6 2. d4 d5 3. exd5 exd5 4. Bd3 Nc6 5. c3 Bd6 6. Nf3 Nge7 7. O-O O-O 8. Nbd2 Bf5 9. Be2 Re8 10. Re1 Qd7 11.
Nf1 f6 12. Ng3 Bg6 13. Nh4 Bf7 14. Bg4 Qd8 15. Qf3 Bxg3 16. hxg3 Ng6 17. Be3 Nxh4 18. gxh4 Qe7 19. Bf4 Qxe1+ 20. Rxe1 Rxe1+ 21. Kh2 Re7 22. h5 Rf8 23. Qg3 Be6 24. Bf3 Rc8 25. Qh4 h6 26. Bxh6 gxh6 27. Qxf6 Rf8 28. Qxh6 Rff7 29.
Qd2 Rxf3 30. gxf3 Rh7 31. Qg5+ Rg7 32. Qf6 Bf7 33. h6 Rh7 34. Kg3 Kf8 35. Kf4 Ne7 36. Kg5 Ke8 37. a4 Kd7 38. a5 Ng8 39. Qf5+ 1-0

[Event "*** SCC Grand Prix: Titled Tuesday Blitz"]
[Site "Chess.com"]
[Date "2020.10.13"]
[Round "10"]
[White "Fh2411"]
[Black "pavelalexandru07"]
[Result "1-0"]
[WhiteElo "2525"]
[BlackElo "2266"]
[TimeControl "180+1"]
[EndTime "11:52:10 PDT"]
[Termination "Fh2411 won by resignation"]

1. d4 Nf6 2. Nf3 c5 3. c3 d5 4.
dxc5 e6 5. b4 a5 6. e3 Nc6 7.
Bb5 Bd7 8. Bxc6 bxc6 9. O-O Be7 10. Nbd2 O-O 11. Nb3 axb4 12. cxb4 Bc8 13. Bb2 Ba6 14. Re1 Nd7 15. a3 f6 16. e4 Kh8 17. Nbd4 e5 18.
Nxc6 1-0

[Event "*** SCC Grand Prix: Titled Tuesday Blitz"]
[Site "Chess.com"]
[Date "2020.10.13"]
[Round "10"]
[White "Khnykin_Nikolay"]
[Black "janumber1"]
[Result "1-0"]
[WhiteElo "2059"]
[BlackElo "2141"]
[TimeControl "180+1"]
[EndTime "11:52:17 PDT"]
[Termination "Khnykin_Nikolay won by resignation"]

1. e4 c5 2. d4 cxd4 3. c3 d5 4. exd5 Qxd5 5. cxd4 Nc6 6. Nf3 e5 7. Nc3 Bb4 8. Be3 Bg4 9. Be2 exd4 10. Nxd4 Bxe2 11.
Qxe2 Nge7 12. O-O-O Bxc3 13. bxc3 O-O-O 14. Nxc6 Qxc6 15. Qc2 Nd5 16. Qf5+ Kb8 17. Qe5+ Ka8 18. Rd3 f6 19. Qd4 Nxe3 20. Qxd8+ 1-0

[Event "*** SCC Grand Prix: Titled Tuesday Blitz"]
[Site "Chess.com"]
[Date "2020.10.13"]
[Round "10"]
[White "sopo-tereladze"]
[Black "lucachess49"]
[Result "0-1"]
[WhiteElo "2289"]
[BlackElo "2412"]
[TimeControl "180+1"]
[EndTime "11:52:26 PDT"]
[Termination "lucachess49 won by resignation"]

1. d4 Nf6 2. Nf3 e6 3. Bf4 b6 4. e3 Bb7 5. Bd3 d6 6. O-O Nbd7 7. Nbd2 Qe7 8. Bg3 g6 9. e4 Bg7 10. c4 O-O 11. e5 Nh5 12. Bh4 f6 13. exf6 Bxf6 14. Bxf6 Qxf6 15. Be4 d5 16. cxd5 exd5 17. Bc2 c5 18. dxc5 bxc5 19. Nc4 Nf4 20. Na5 Ba6 21.
Re1 Nb6 22. Ne5 Rae8 23. Ng4 Qg5 24. Rxe8 Rxe8 25. h4 Qxh4 26. Nh2 Ne2+ 27. Kh1 Qxf2 0-1

[Event "*** SCC Grand Prix: Titled Tuesday Blitz"]
[Site "Chess.com"]
[Date "2020.10.13"]
[Round "10"]
[White "AliKa2810"]
[Black "Gerodot71"]
[Result "1-0"]
[WhiteElo "2599"]
[BlackElo "2463"]
[TimeControl "180+1"]
[EndTime "11:52:27 PDT"]
[Termination "AliKa2810 won by resignation"]

1. d4 Nf6 2. c4 e6 3. Nf3 d5 4. Nc3 Bb4 5. Qa4+ Nc6 6. e3 O-O 7. Bd2 dxc4 8. Bxc4 Bd6 9. Qc2 e5 10. dxe5 Nxe5 11. Nxe5 Bxe5 12. f4 Bd6 13. O-O-O c6 14. e4 Bc7 15. e5 Nd5 16. Nxd5 cxd5 17. Bb4 Re8 18. Rxd5 Qh4 19. g3 Qh3 20. Bb5 Bf5 21. Bd3 Bxd3 22. Qxd3 Bb6 23. Kb1 h6 24. Rd1 Rac8 25.
Bc3 Qxh2 26. f5 Rcd8 27. e6 fxe6 28. fxe6 Qh5 29. Rxh5 1-0

[Event "*** SCC Grand Prix: Titled Tuesday Blitz"]
[Site "Chess.com"]
[Date "2020.10.13"]
[Round "10"]
[White "m_ezat"]
[Black "tandaleo"]
[Result "1-0"]
[WhiteElo "2532"]
[BlackElo "2344"]
[TimeControl "180+1"]
[EndTime "11:52:27 PDT"]
[Termination "m_ezat won by resignation"]

1. d4 Nf6 2. c4 e6 3. Nc3 d5 4. cxd5 exd5 5. Bg5 Be7 6. e3 c6 7. Qc2 O-O 8. Bd3 Nbd7 9. Nge2 Re8 10. O-O Nf8 11. f3 b5 12. Kh1 b4 13. Na4 Bd7 14. Rad1 Ne6 15. Bxf6 Bxf6 16. Bxh7+ Kh8 17. Bf5 a5 18. e4 g6 19. Bh3 Ng5 20. Bxd7 Qxd7 21.
Nb6 Qa7 22. Nxa8 Qxa8 23. e5 Bg7 24. f4 Ne4 25. Ng3 Nxg3+ 26. hxg3 Bf8 27. f5 Kg7 28. Rf4 c5 29. Rdf1 g5 30. Rg4 f6 31. Qd2 Be7 32. exf6+ Bxf6 33. Rxg5+ Bxg5 34. Qxg5+ Kf8 35. Qf6+ Kg8 36. Qg6+ Kf8 37. f6 Qb7 38. f7 1-0

[Event "*** SCC Grand Prix: Titled Tuesday Blitz"]
[Site "Chess.com"]
[Date "2020.10.13"]
[Round "10"]
[White "Piotrek1979"]
[Black "katchesskat"]
[Result "1-0"]
[WhiteElo "2402"]
[BlackElo "2239"]
[TimeControl "180+1"]
[EndTime "11:52:28 PDT"]
[Termination "Piotrek1979 won by resignation"]

1. Nf3 c5 2. e3 e6 3. b3 Nf6 4. Bb2 Be7 5. c4 Qc7 6. Be2 b6 7. O-O Bb7 8. d4 g5 9. d5 g4 10. Ne5 h5 11. e4 Bd6 12. f4 Nxe4 13. Nxf7 Kxf7 14. Bxh8 Na6 15. Nc3 Nf6 16. Bxf6 Kxf6 17.
Ne4+ Kf7 18. dxe6+ Kxe6 19. f5+ Ke7 20. f6+ Ke6 21. Ng5+ Ke5 22. Qd2 1-0

[Event "*** SCC Grand Prix: Titled Tuesday Blitz"]
[Site "Chess.com"]
[Date "2020.10.13"]
[Round "10"]
[White "VitaliyBernadskiy"]
[Black "Savagelittlemole"]
[Result "0-1"]
[WhiteElo "2735"]
[BlackElo "2610"]
[TimeControl "180+1"]
[EndTime "11:52:33 PDT"]
[Termination "Savagelittlemole won by resignation"]

1. e4 c5 2. Nf3 d6 3. d4 cxd4 4.
Nxd4 Nf6 5. Nc3 a6 6. Rg1 h5 7.
Be2 Nc6 8. Be3 Nxd4 9. Qxd4 g6 10. e5 dxe5 11. Qxe5 Bg7 12. Rd1 Bd7 13. Nd5 Kf8 14.
Nxf6 Bxf6 15. Qd5 Qc7 16. Qxd7 Qxc2 17. Qd2 Qf5 18. Bf3 Kg7 19. Bd4 Rad8 20. Qc3 e5 21. Qa5 Rxd4 22. Rxd4 exd4 23. Qxf5 gxf5 24. Kd2 h4 25.
Rc1 Bg5+ 0-1

[Event "*** SCC Grand Prix: Titled Tuesday Blitz"]
[Site "Chess.com"]
[Date "2020.10.13"]
[Round "10"]
[White "eljanov"]
[Black "Rodalquilar"]
[Result "1-0"]
[WhiteElo "2861"]
[BlackElo "2761"]
[TimeControl "180+1"]
[EndTime "11:52:34 PDT"]
[Termination "eljanov won by resignation"]

1. e4 d5 2. exd5 Qxd5 3. Nc3 Qa5 4. d4 Nf6 5. Nf3 Bf5 6. Ne5 c6 7.
Bc4 e6 8. g4 Bg6 9. h4 Nbd7 10.
Nxd7 Nxd7 11. h5 Be4 12. O-O Bd5 13. Nxd5 cxd5 14. Bd3 Bd6 15. Qf3 g6 16. a4 Qd8 17.
Kg2 gxh5 18. g5 Rg8 19. Rh1 Nf6 20. Kf1 Ne4 21. Bxe4 dxe4 22. Qxe4 Rxg5 23. Bxg5 Qxg5 24. Rg1 Qd5 25. Qxd5 exd5 26. Rg8+ Bf8 27. Rg5 O-O-O 28. Rxh5 h6 29. Re1 Bg7 30. c3 Kc7 31. Re7+ Rd7 32.
Rxd7+ Kxd7 33. Rxd5+ Ke6 34. Rb5 1-0

[Event "*** SCC Grand Prix: Titled Tuesday Blitz"]
[Site "Chess.com"]
[Date "2020.10.13"]
[Round "10"]
[White "anon569"]
[Black "guillembaches"]
[Result "0-1"]
[WhiteElo "2277"]
[BlackElo "2401"]
[TimeControl "180+1"]
[EndTime "11:52:34 PDT"]
[Termination "guillembaches won by resignation"]

1. e4 c5 2. Nf3 d6 3. d4 cxd4 4. Nxd4 Nf6 5. Nc3 Nc6 6. Bg5 e6 7. Qd2 h6 8. Bh4 Nxe4 9. Nxc6 Qxh4 10. Qd4 Qxf2+ 11. Qxf2 Nxf2 12. Kxf2 bxc6 13. Bd3 d5 14. Rhe1 Bc5+ 15. Kf1 Rb8 16. Rab1 Bd4 17. Nd1 O-O 18. c3 Bb6 19. Nf2 f6 20. Re2 e5 21. Rbe1 e4 22.
Bb1 Ba6 0-1

[Event "*** SCC Grand Prix: Titled Tuesday Blitz"]
[Site "Chess.com"]
[Date "2020.10.13"]
[Round "10"]
[White "Margarita2907"]
[Black "brunomorado"]
[Result "0-1"]
[WhiteElo "2167"]
[BlackElo "2297"]
[TimeControl "180+1"]
[EndTime "11:52:35 PDT"]
[Termination "brunomorado won by checkmate"]

1. e4 c5 2. Nf3 Nc6 3. d4 cxd4 4. Nxd4 e5 5. Nb5 d6 6. N1c3 a6 7. Na3 b5 8. Nd5 Nce7 9. c4 Nxd5 10. cxd5 f5 11. exf5 Bxf5 12. Bd3 e4 13. Bc2 Nf6 14. O-O Be7 15. Re1 O-O 16. Nb1 Qe8 17. Nc3 Qg6 18. Ne2 Bg4 19. Qd4 Rac8 20. Nf4 Qf7 21. Bxe4 Nxe4 22. Qxe4 Bg5 23. Ne6 Qxf2+ 24. Kh1 Qf1+ 25.
Rxf1 Rxf1# 0-1

[Event "*** SCC Grand Prix: Titled Tuesday Blitz"]
[Site "Chess.com"]
[Date "2020.10.13"]
[Round "10"]
[White "jacky72"]
[Black "margarita_2703"]
[Result "1-0"]
[WhiteElo "2556"]
[BlackElo "2407"]
[TimeControl "180+1"]
[EndTime "11:52:36 PDT"]
[Termination "jacky72 won by resignation"]

1. d4 d5 2. c4 c6 3. Nf3 Nf6 4. Nc3 e6 5. Bg5 h6 6. Bh4 dxc4 7. a4 Bb4 8. e3 Qa5 9. Qc2 Ne4 10. Rc1 f5 11. Bxc4 b5 12. axb5 cxb5 13. Bb3 Bxc3+ 14.
bxc3 Nc6 15. d5 exd5 16. Bxd5 Bb7 17. Bxe4 fxe4 18. Qxe4+ Kf7 19. Qd5+ Kf8 20. Qd6+ Kg8 21. Qe6+ Kh7 22. Qf5+ Kg8 23. O-O Qa2 24. Qxb5 Qa6 25.
Qd5+ Kh7 26. Qf5+ Kg8 27. Rfd1 Bc8 28. Qg6 Bb7 29. Rd7 1-0

[Event "*** SCC Grand Prix: Titled Tuesday Blitz"]
[Site "Chess.com"]
[Date "2020.10.13"]
[Round "10"]
[White "picturesquecheck"]
[Black "Nara_Kh"]
[Result "0-1"]
[WhiteElo "2233"]
[BlackElo "2366"]
[TimeControl "180+1"]
[EndTime "11:52:36 PDT"]
[Termination "Nara_Kh won by resignation"]

1. e4 c5 2. Nf3 d6 3. d4 Nf6 4.
Nc3 cxd4 5. Nxd4 a6 6. Be3 e5 7.
Nb3 Be6 8. f3 h5 9. Qd2 Nbd7 10.
Nd5 Rc8 11. c4 Bxd5 12. cxd5 Be7 13. Bd3 O-O 14. O-O h4 15. Rac1 Nh5 16. Rfe1 Rxc1 17. Rxc1 Nf4 18. Bf1 f5 19. Qa5 Qe8 20. Qc7 Nf6 21. Nd2 fxe4 22. fxe4 Ng4 23. Bxf4 exf4 24. Qxb7 Bf6 25. Qb4 Qe7 26. Be2 Qa7+ 27. Rc5 dxc5 0-1

[Event "*** SCC Grand Prix: Titled Tuesday Blitz"]
[Site "Chess.com"]
[Date "2020.10.13"]
[Round "10"]
[White "Zhigalko_Sergei"]
[Black "Beltsychess"]
[Result "1-0"]
[WhiteElo "2916"]
[BlackElo "2645"]
[TimeControl "180+1"]
[EndTime "11:52:37 PDT"]
[Termination "Zhigalko_Sergei won by resignation"]

1. e4 Nf6 2. e5 Nd5 3. d4 d6 4. Nf3 Bg4 5. Be2 e6 6. O-O Be7 7. c4 Nb6 8. h3 Bh5 9. Nc3 O-O 10. Be3 d5 11. cxd5 exd5 12. Ne1 Bxe2 13. Qxe2 Nc6 14. Nd3 Nc4 15. Rae1 Bb4 16. Rc1 Be7 17. Nf4 Nb6 18. Qf3 Bg5 19. Nfxd5 Nxd5 20. Nxd5 Bxe3 21. fxe3 Qd7 22.
Rc5 Rac8 23. Nf6+ gxf6 24. exf6 Kh8 25. Rh5 Nxd4 26. Rxh7+ Kxh7 27. Qh5+ 1-0

[Event "*** SCC Grand Prix: Titled Tuesday Blitz"]
[Site "Chess.com"]
[Date "2020.10.13"]
[Round "10"]
[White "Alindsay211"]
[Black "Aygehovit1992"]
[Result "0-1"]
[WhiteElo "2450"]
[BlackElo "2652"]
[TimeControl "180+1"]
[EndTime "11:52:39 PDT"]
[Termination "Aygehovit1992 won by resignation"]

1. e4 d6 2. d4 Nf6 3. Nc3 g6 4. Be3 c6 5. Nf3 Bg7 6. h3 O-O 7. Qd2 b5 8. a3 a5 9. Be2 Bb7 10.
e5 dxe5 11. dxe5 Qxd2+ 12. Nxd2 Nfd7 13. f4 b4 14. axb4 axb4 15. Rxa8 bxc3 16. Ra7 cxd2+ 17. Kxd2 Bc8 18. Rd1 c5 19. Kc1 g5 20. g3 gxf4 21.
gxf4 Bh6 22. Rg1+ Kh8 23. Kb1 Nc6 24. Ra3 Nd4 25. Bxd4 cxd4 26. Rg4 Nc5 27. Rh4 Bg7 28. Bd3 Nxd3 29. Rxd3 f6 30. Rxd4 fxe5 31. fxe5 Bxe5 32. Rd2 Be6 33. Re4 Rf1+ 0-1

[Event "*** SCC Grand Prix: Titled Tuesday Blitz"]
[Site "Chess.com"]
[Date "2020.10.13"]
[Round "10"]
[White "Kavyev_Ruslan"]
[Black "Nikolakis2014"]
[Result "0-1"]
[WhiteElo "2564"]
[BlackElo "2742"]
[TimeControl "180+1"]
[EndTime "11:52:46 PDT"]
[Termination "Nikolakis2014 won by checkmate"]

1. d4 Nf6 2. c4 g6 3. Nc3 Bg7 4. e4 d6 5. Be2 O-O 6. Be3 c6 7.
Nf3 Na6 8. O-O e5 9. d5 Ng4 10. Bg5 f6 11. Bh4 c5 12. Nd2 Nh6 13. f3 Nf7 14. a3 Bh6 15. Bf2 f5 16. exf5 gxf5 17. Rb1 Kh8 18. b4 b6 19. Bd3 Rg8 20. Kh1 Qg5 21. Bg3 Qxd2 22. Qxd2 Bxd2 23. Ne2 cxb4 24. axb4 Nxb4 25. Rb3 Nxd3 26. Rxd3 Bb4 27. Bh4 Rg6 28. Nc3 Ba6 29. Nb5 Bxb5 30. cxb5 Bc5 31. Ra1 e4 32.
fxe4 fxe4 33. Rg3 Rxg3 34. Bxg3 Kg7 35. Bf4 Kf6 36. g3 Ne5 37. Kg2 Nd3 38. Kf1 Nxf4 39. gxf4 Kf5 40. Ke2 Kxf4 41. Rf1+ Ke5 42. Rf7 Kxd5 43.
Rxh7 Kc4 44. h4 d5 45. h5 d4 46. Rd7 d3+ 47. Kd2 e3+ 48. Ke1 Rg8 49. Kf1 e2+ 50. Ke1 Rg1+ 51. Kd2 Rd1# 0-1

[Event "*** SCC Grand Prix: Titled Tuesday Blitz"]
[Site "Chess.com"]
[Date "2020.10.13"]
[Round "10"]
[White "Sacbutt"]
[Black "AurumO"]
[Result "1-0"]
[WhiteElo "2296"]
[BlackElo "1948"]
[TimeControl "180+1"]
[EndTime "11:52:50 PDT"]
[Termination "Sacbutt won by resignation"]

1. d4 d5 2. Nf3 Nf6 3. Bf4 c5 4. c3 Nc6 5. e3 Qb6 6. Qb3 c4 7. Qc2 Bf5 8. Qc1 e6 9. Nbd2 h6 10. Be2 Be7 11. O-O O-O 12. b3 cxb3 13. axb3 Qd8 14.
c4 Bd6 15. Ne5 Bxe5 16. dxe5 Ne4 17. Nxe4 Bxe4 18. Rd1 f6 19. cxd5 exd5 20. exf6 Qxf6 21. f3 Bg6 22. Rxd5 Bf7 23. Rd6 Qe7 24. Bc4 Rfd8 25. Qd2 Bxc4 26. bxc4 Rxd6 27. Qxd6 Qxd6 28. Bxd6 Rd8 29.
c5 b6 30. e4 bxc5 31. Bxc5 Rd2 32. Bxa7 Ne5 33. Be3 Rc2 34. Rd1 h5 35. Rd2 Rc1+ 36. Kf2 h4 37. Rd8+ Kh7 38. Bxc1 1-0

[Event "*** SCC Grand Prix: Titled Tuesday Blitz"]
[Site "Chess.com"]
[Date "2020.10.13"]
[Round "10"]
[White "vugarrasulov"]
[Black "PSvidler"]
[Result "1-0"]
[WhiteElo "2859"]
[BlackElo "2895"]
[TimeControl "180+1"]
[EndTime "11:52:53 PDT"]
[Termination "vugarrasulov won by resignation"]

1. d4 d6 2. Nf3 Bg4 3. c4 Bxf3 4. gxf3 c6 5. e3 Nd7 6. f4 g6 7. Bg2 Bg7 8. O-O e6 9. Nc3 Ne7 10. b3 d5 11. Ba3 O-O 12. cxd5 exd5 13. f5 Re8 14.
fxg6 hxg6 15. Bh3 Nf6 16. Kh1 Nc8 17. Qf3 Nd6 18. Bxd6 Qxd6 19. Rg1 a5 20. Rg2 b5 21. Rag1 a4 22. Ne2 Ne4 23. Nf4 Qf6 24. b4 Kf8 25. Bd7 Ke7 26. Bxe8 Rxe8 27. Qd1 Rh8 28. f3 Nd6 29.
Nxg6+ fxg6 30. Rxg6 Qh4 31. Rxg7+ Nf7 32. Qc2 1-0

[Event "*** SCC Grand Prix: Titled Tuesday Blitz"]
[Site "Chess.com"]
[Date "2020.10.13"]
[Round "10"]
[White "SHIVACalypso"]
[Black "maximnovik"]
[Result "1-0"]
[WhiteElo "2387"]
[BlackElo "2521"]
[TimeControl "180+1"]
[EndTime "11:52:55 PDT"]
[Termination "SHIVACalypso won by resignation"]

1. Nf3 Nf6 2. c4 g6 3. g3 Bg7 4. Bg2 c5 5. O-O d5 6. cxd5 Nxd5 7. Nc3 O-O 8. Nxd5 Qd6 9. Nc3 Nc6 10. d3 Bg4 11. h3 Bd7 12. Bd2 b6 13. Rc1 e5 14.
a3 h6 15. Ne1 Rac8 16. Nc2 Rfe8 17. Ne3 Nd4 18. Ned5 Be6 19. e3 Nc6 20. e4 Nd4 21.
Be3 f5 22. f4 Rf8 23. Bxd4 cxd4 24. Nb5 Qd7 25. Nbc7 Bf7 26. Qc2 Bxd5 27. exd5 e4 28.
dxe4 d3 29. Qxd3 Rxc7 30. Rxc7 Qxc7 31. e5 Qc5+ 32. Kh2 h5 33. d6 Re8 34. Qd5+ Qxd5 35. Bxd5+ Kf8 36. e6 Rc8 37. e7+ Ke8 38. Re1 Bd4 39.
d7+ Kxd7 40. Be6+ 1-0

[Event "*** SCC Grand Prix: Titled Tuesday Blitz"]
[Site "Chess.com"]
[Date "2020.10.13"]
[Round "10"]
[White "Sueetin"]
[Black "Vamostodorecto"]
[Result "1-0"]
[WhiteElo "2280"]
[BlackElo "2341"]
[TimeControl "180+1"]
[EndTime "11:53:04 PDT"]
[Termination "Sueetin won by resignation"]

1. d4 Nf6 2. c4 g6 3. Nc3 d5 4. Nf3 Bg7 5. cxd5 Nxd5 6. e3 O-O 7. Bc4 Nb6 8. Bb3 Nc6 9. O-O e5 10. d5 Na5 11. e4 Nxb3 12. axb3 c6 13. Be3 f5 14.
dxc6 Qc7 15. Bxb6 Qxb6 16. Nd5 Qd8 17. c7 Qe8 18. Qc2 fxe4 19. Ng5 Bf5 20. Nxe4 Kh8 21.
f3 Qf7 22. Rfd1 Rfc8 23. b4 Bf8 24. Qc4 Be6 25. Nec3 Bxb4 26. Qxb4 1-0

[Event "*** SCC Grand Prix: Titled Tuesday Blitz"]
[Site "Chess.com"]
[Date "2020.10.13"]
[Round "10"]
[White "Mbneu"]
[Black "Ural_bogatyr"]
[Result "1-0"]
[WhiteElo "2254"]
[BlackElo "2373"]
[TimeControl "180+1"]
[EndTime "11:53:04 PDT"]
[Termination "Mbneu won by resignation"]

1. d4 Nf6 2. c4 e5 3. Nf3 exd4 4. Nxd4 Nc6 5. Nxc6 bxc6 6. g3 d5 7. Bg2 Bb4+ 8. Bd2 Bxd2+ 9. Nxd2 O-O 10. O-O Re8 11. Re1 Rb8 12. b3 Bf5 13. Rc1 Ne4 14. Nxe4 Bxe4 15.
Bxe4 dxe4 16. Qxd8 Rbxd8 17. Red1 f5 18. Kf1 Kf7 19. e3 Ke6 20. Ke2 a5 21. Rxd8 Rxd8 22. Rd1 Rxd1 23. Kxd1 g5 24. Kd2 h5 25. h4 gxh4 26.
gxh4 c5 27. Ke2 Ke5 28. f4+ exf3+ 29. Kxf3 c6 30. a3 Ke6 31. Kf4 Kf6 32. e4 fxe4 33. Kxe4 Ke6 34. Kf4 Kf6 35. a4 Kg6 36. Ke5 Kh6 37.
Kf5 Kg7 38. Kg5 Kh7 39. Kxh5 1-0

[Event "*** SCC Grand Prix: Titled Tuesday Blitz"]
[Site "Chess.com"]
[Date "2020.10.13"]
[Round "10"]
[White "romulocardoso"]
[Black "CM_rui"]
[Result "1-0"]
[WhiteElo "2116"]
[BlackElo "2319"]
[TimeControl "180+1"]
[EndTime "11:53:07 PDT"]
[Termination "romulocardoso won by checkmate"]

1. e4 e5 2. Nf3 Nc6 3. d4 exd4 4.
Bc4 Nf6 5. e5 d5 6. Bb5 Ne4 7.
Nxd4 Bd7 8. Bxc6 bxc6 9. O-O Bc5 10. f3 Ng5 11. Be3 O-O 12. f4 Ne6 13. f5 Nxd4 14. Bxd4 Bxd4+ 15. Qxd4 Qg5 16. h4 Qg3 17. Nc3 Rfe8 18.
Rae1 Rab8 19. Re3 c5 20. Rxg3 cxd4 21. Nxd5 Kf8 22. f6 g6 23. Re1 Rxb2 24. Nxc7 Rc8 25. e6 fxe6 26. Nxe6+ Bxe6 27. Rxe6 Rcxc2 28. Re7 Rxa2 29.
Rxh7 a5 30. Rxg6 d3 31. Rgg7 Re2 32. Rh8# 1-0